 Dungeon Crawl Stone Soup version 0.31-a0-692-gf03d1854d5 (webtiles) character file.

Game seed: 2853542951989378274

47 qw the Shooter (level 3, -1/22 HPs)
             Began as a Gargoyle Hunter on Sept 6, 2023.
             Slain by Sigmund
             ... wielding a +0 scythe
              (5 damage)
             ... on level 2 of the Dungeon.
             The game lasted 00:00:23 (1019 turns).

qw the Shooter (Gargoyle Hunter)                    Turns: 1019, Time: 00:00:24

Health: -1/22      AC:  7    Str: 14    XL:     3   Next: 70%
Magic:  3/3        EV: 11    Int:  9    God:
Gold:   82         SH:  0    Dex: 15    Spells: 2/2 levels left

rFire   . . .        Y - +0 shortbow
rCold   . . .        (shield currently unavailable)
rNeg    + . .        c - +0 leather armour
rPois   inf          (no helmet)
rElec   +            (no cloak)
rCorr   .            e - +0 pair of gloves
SInv    .            (no boots)
Will    .....        (no amulet)
Stlth   ++           (no ring)
HPRegen 0.23/turn    (no ring)
MPRegen 0.08/turn

%: no passive effects
@: no status effects
A: sickness immunity, AC +3, negative energy resistance 1, electricity
resistance, torment resistance 1, petrification resistance
a: no special abilities


You were on level 2 of the Dungeon.
You visited 1 branch of the dungeon, and saw 2 of its levels.

You collected 82 gold pieces.


Innate Abilities, Weirdness & Mutations

You are immune to sickness and miasma.
Your stone body is resilient. (AC +3)
You are immune to poison.
You resist negative energy. (rN+)
You are resistant to electric shocks. (rElec)
You are resistant to unholy torment.
You are immune to petrification.


   Skills:
 + Level 2.9 Fighting
 - Level 5.0 Ranged Weapons
 - Level 1.5 Dodging
 - Level 1.1 Stealth


You had 2 spell levels left.
You didn't know any spells.
Your spell library was empty.

Inventory:

Hand Weapons
 Y - a +0 shortbow (weapon)
Armour
 c - a +0 leather armour (worn)
 e - a +0 pair of gloves (worn)
 f - a +0 ring mail
Scrolls
 a - a scroll of identify {unknown}
 d - a scroll of fear {unknown}
Potions
 b - a potion of heal wounds {unknown}
 j - a potion of berserk rage {unknown}

Dungeon Overview and Level Annotations

Branches:
Dungeon (2/15)

Altars:

Annotations:
D:2 Sigmund


Message History

You see here a +0 spear.
You now have 72 gold pieces (gained 26).
Found a leather armour.
You see here a +0 leather armour.
As you open the door, it creaks loudly!
There is an open door here.
There is an open door here.
You see here a hobgoblin skeleton.
You now have 82 gold pieces (gained 10).
There is an open door here.
Sigmund the Dreaded comes into view.
He is wielding a +0 scythe.
You shoot an arrow. The arrow hits Sigmund.
Sigmund shouts!
Sigmund is lightly wounded.
Sigmund gestures at you while chanting.
You are confused.
Sigmund barely misses you.
Sigmund points at you and mumbles some strange words.
The magic dart hits you. Sigmund barely misses you.
Sigmund gestures at you while chanting. You resist with significant effort.
You feel less confused.
Sigmund casts a spell.
Sigmund flickers and vanishes!
Deactivating autopickup; reactivate with Ctrl-A.
You shoot an arrow. Something hits you.
You shoot an arrow.
You hear some strange, mumbled words.
A puff of flame appears from out of thin air!
The puff of flame hits you!
You shoot an arrow.
You hear some strange, mumbled words.
Something tries to affect you, but you resist.
You shoot an arrow. Something hits you.
You shoot an arrow. Something hits you.
You die...

#####.....###.###
...##.....# #..
...#......# ### ##
...'..##### ..
...##.# .#
...##.########## .#
#'###.##.......# {#
#'###.##.#####.##.#
...##.##.# #..@.#
...##.##.##########
...##...........
...#####.#######
#'## #.# #.# #.#
#.# #.# #.# #..
..#######.


There were no monsters in sight!

Vanquished Creatures
  2 adders (D:2)
  4 ball pythons
  2 endoplasms
  A goblin (D:1)
  5 hobgoblins
  3 kobolds
  4 quokkas
  3 bats
  A frilled lizard (D:2)
  2 rats
27 creatures vanquished.

Notes
Turn   | Place    | Note
-------+----------+-------------------------------------------
     0 | D:1      | qw the Gargoyle Hunter began the quest for the Orb.
     0 | D:1      | Reached XP level 1. HP: 12/12 MP: 1/1
     0 | D:1      | 0 ||| qw: Version: 0.3-a-76-g4403597
     0 | D:1      | 0 ||| qw: Game counter: 89
     0 | D:1      | 0 ||| qw: Melee chars always use a shield: true
     0 | D:1      | 0 ||| qw: God list: Okawaru
     0 | D:1      | 0 ||| qw: Allow faded altars: false
     0 | D:1      | 0 ||| qw: Do Orc after clearing Dungeon:15 true
     0 | D:1      | 0 ||| qw: Do second Lair branch before Depths: true
     0 | D:1      | 0 ||| qw: Lair rune preference: random
     0 | D:1      | 0 ||| qw: Goals: Normal
     0 | D:1      | 0 ||| PLANNING D:1-11
   168 | D:1      | Reached XP level 2. HP: 17/17 MP: 2/2
   457 | D:1      | 457 ||| UPGRADING to +0 pair of gloves.
   462 | D:1      | 462 ||| READING scroll labelled ARROT JUNYTUI.
   463 | D:1      | 463 ||| READING scroll labelled MUATUU DEMYMYA.
   468 | D:1      | 468 ||| READING scroll labelled LYZIWA KAMED.
   469 | D:1      | 469 ||| READING scroll labelled BESTREA XOZXYJOV.
   482 | D:1      | 482 ||| READING scroll labelled PINYSOINLE.
   483 | D:1      | 483 ||| DROPPING scroll of butterflies.
   572 | D:2      | Reached skill level 5 in Ranged Weapons
   572 | D:2      | Reached XP level 3. HP: 21/21 MP: 3/3
  1007 | D:2      | Noticed Sigmund
  1018 | D:2      | HP: 4/22 [something (3)]
  1019 | D:2      | Slain by Sigmund

Levels and vault maps discovered:
D:1:      eino_arrival_cavern_a, layout_rooms
D:2:      layout_basic, basic_altar, uniq_sigmund

Skill      XL: |  1  2 |
---------------+-------+-----
Ranged Weapons | 5 |  5.0
Fighting       | |  2.9
Dodging        | |  1.5
Stealth        | |  1.1

Action                     || total
---------------------------++-------
   Fire: Shortbow          ||    80
    Use: Scroll            ||     5
 Armour: Leather armour    ||    13
  Dodge: Dodged            ||     9

Table legend:
 A = Non-vault XP
 B = Vault XP
 C = Vault XP percentage of total XP
 D = Non-vault monster count
 E = Vault monster count
 F = Vault count percentage of total count
                 A         B        C        D         E       F
            +---------+---------+-------+---------+---------+-------
      Total |      68 |       0 |   0.0 |      27 |       0 |   0.0
            +---------+---------+-------+---------+---------+-------
        D:1 |      22 |       0 |   0.0 |      13 |       0 |   0.0
        D:2 |      46 |       0 |   0.0 |      14 |       0 |   0.0
            +---------+---------+-------+---------+---------+-------
